 Dungeon Crawl Stone Soup version 0.20-a0-331-g5b3579f (webtiles) character file.

81 ololoev the Firebug (level 4, -2/38 HPs)
             Began as a Hill Orc Fire Elementalist on Dec 21, 2016.
             Was an Initiate of Elyvilon.
             Killed from afar by an orc wizard (11 damage)
             ... with a puff of flame
             ... on level 1 of the Dungeon.
             The game lasted 00:04:46 (1861 turns).

ololoev the Firebug (Hill Orc Fire Elementalist)    Turns: 1861, Time: 00:04:47

Health: -2/38      AC:  7    Str: 11    XL:     4   Next: 42%
Magic:  6/6        EV: 10    Int: 15    God:    Elyvilon [......]
Gold:   62         SH:  0    Dex: 11    Spells: 5/6 levels left

rFire  . . .     SeeInvis .     a - +0 dagger
rCold  . . .     Gourm    .     n - +0 ring mail
rNeg   . . .     Faith    .     (no shield)
rPois  .         Spirit   .     (no helmet)
rElec  .         Reflect  .     u - +0 cloak
rCorr  .         Harm     .     i - +0 pair of gloves
MR     .....                    (no boots)
Stlth  +.........               (no amulet)
                                (no ring)
                                (no ring)

@: no status effects
A: no striking features
a: Renounce Religion

Inventory:

Hand Weapons
 a - a +0 dagger (weapon)
 b - a +0 hunting sling
Missiles
 h - 16 sling bullets
Armour
 i - a +0 pair of gloves (worn)
 n - a +0 ring mail (worn)
 u - a +0 cloak (worn)
Scrolls
 g - a scroll of random uselessness {unknown}
 l - a scroll of recharging {unknown}
 m - 2 scrolls of identify {unknown}
 q - 2 scrolls of magic mapping {unknown}
Potions
 c - a potion of haste {unknown}
 d - a potion of might {unknown}
 e - a potion of brilliance {unknown}
 f - a potion of heal wounds {unknown}
 j - 2 potions of curing {unknown}
 p - a potion of flight {unknown}
 r - a potion of ambrosia {unknown}
 t - a potion of beneficial mutation {unknown}
Comestibles
 k - a bread ration
 o - a meat ration


   Skills:
 + Level 3.1 Fighting
 + Level 2.8 Armour
 - Level 1.5 Dodging
 - Level 1.5 Stealth
 - Level 1.5 Spellcasting
 - Level 1.0 Conjurations
 - Level 3.2 Fire Magic
 + Level 0.6 Invocations


You had 5 spell levels left.
You knew the following spells:

 Your Spells              Type           Power        Failure   Level  Hunger
a - Flame Tongue          Conj/Fire      #....        21%         1    ##.....


You were on level 1 of the Dungeon.
You worshipped Elyvilon.
Elyvilon was noncommittal.
You were not hungry.

You visited 1 branch of the dungeon, and saw 3 of its levels.

You collected 62 gold pieces.

.......(.(.......................
......##############.#).##.###.##
####### #.##.##.......
#.##.######.## #.........#.#
######.####.#.# #.......#...(.##
########.......#....[..
########....{@........#.....##
#.....................###.#...
#.....................###.#...
#...............#####..##.#.##
#...............##........#...
########........##........#+##
#........##...(........
###############..#..... ##.#.....

Notes
Turn   | Place    | Note
-------+----------+-------------------------------------------
     0 | D:1      | ololoev the Hill Orc Fire Elementalist began the quest for the Orb.
     0 | D:1      | Reached XP level 1. HP: 14/14 MP: 3/3
   231 | D:1      | Reached skill level 1 in Fighting
   231 | D:1      | Reached skill level 1 in Armour
   231 | D:1      | Reached XP level 2. HP: 20/23 MP: 4/4
   682 | D:2      | Reached XP level 3. HP: 20/29 MP: 2/5
   962 | D:2      | Reached XP level 4. HP: 35/37 MP: 6/6
  1096 | D:2      | Found a white marble altar of Elyvilon.
  1099 | D:2      | Became a worshipper of Elyvilon the Healer
  1861 | D:1      | Killed from afar by an orc wizard

Dungeon Overview and Level Annotations

Branches:
Dungeon (3/15)

Altars:
Elyvilon


Message History

You climb upwards.
All of the chunks of flesh in your inventory have rotted away.
There is a stone staircase leading down here.
The orc closely misses you.
The orc wizard points at you and mumbles some strange words.
You resist with some effort. The orc misses you.
The orc hits you but does no damage.
There is an escape hatch in the ceiling here.
The orc wizard hits you but does no damage.
A mysterious force pulls you upwards. The hatch slams shut behind you.
You completely miss the orc wizard. The orc wizard barely misses you.
You closely miss the orc wizard.
The orc wizard casts a spell.
The orc wizard flickers and vanishes!
Deactivating autopickup; reactivate with Ctrl-A.
No target in view!
No target in view!
No target in view!
No target in view!
No target in view!
No target in view!
No target in view!
No target in view!
No target in view!
No target in view!
No target in view!
No target in view!
No target in view!
No target in view!
No target in view!
No target in view!
No target in view!
No target in view!
You closely miss something. Something hits you but does no damage.
You closely miss something. Something hits you.
You hit something. Something hits you but does no damage.
You miss something.
You hear some strange, mumbled words.
Something tries to affect you, but you resist.
You hit something but do no damage. Something completely misses you.
Your ring mail prevents you from hitting something.
Something hits you.
You miss something. Something hits you.
You hit something but do no damage.
You hear some strange, mumbled words.
A magic dart appears from out of thin air!
The magic dart hits you!
You hit something. Something hits you but does no damage.
You miss something. Something hits you.
You hit something but do no damage. Something hits you.
You hit something. Something hits you but does no damage.
You closely miss something. Something completely misses you.
You hit something. Something hits you but does no damage.
You closely miss something. Something hits you.
You miss something. Something hits you.
You barely miss something. Something hits you but does no damage.
You barely miss something. Something hits you but does no damage.
You hit something. Something hits you but does no damage.
You closely miss something. Something hits you but does no damage.
Your ring mail prevents you from hitting something.
Something hits you but does no damage.
You barely miss something.
You hear some strange, mumbled words.
A magic dart appears from out of thin air!
The magic dart hits you!
You closely miss something. Something hits you.
You hit something but do no damage. Something hits you but does no damage.
You hit something but do no damage. Something hits you but does no damage.
You miss something. Something hits you.
You hit something but do no damage. Something hits you.
You hit something but do no damage. Something hits you.
You hit something. Something hits you but does no damage.
Okay, then.
You barely miss something. Something hits you but does no damage.
You miss something.
You hear some strange, mumbled words.
A puff of flame appears from out of thin air!
The puff of flame hits you!
You die...

There were no monsters in sight!

Vanquished Creatures
  3 adders (D:2)
  A worm (D:2)
  2 dart slugs (D:1)
  3 giant cockroaches
  3 goblins
  7 hobgoblins
  6 jackals (D:2)
  6 kobolds
  A quokka (D:2)
  5 bats
  3 frilled lizards
  4 rats
44 creatures vanquished.

Vanquished Creatures (others)
  A ball python (D:2)
1 creature vanquished.

Grand Total: 45 creatures vanquished

Action                   |  1- 3 |  4- 6 || total
-------------------------+-------+-------++-------
Melee: Whip              |   110 |    24 ||   134
       Unarmed           |     2 |       ||     2
       Dagger            |       |    75 ||    75
 Fire: Hunting sling     |       |     1 ||     1
 Cast: Flame Tongue      |    12 |       ||    12
  Eat: Bread ration      |     1 |       ||     1
       Chunk             |     1 |     3 ||     4
Armor: Robe              |     6 |       ||     6
       Ring mail         |    53 |    47 ||   100
       Leather armour    |     8 |       ||     8
Dodge: Dodged            |    83 |    46 ||   129

Vault maps used:
D:1:      doesnt_arrival_goblin_jail
D:2:      elyvilon_altar_4
D:3:      nrook_mini_vaults, solitary_fountain
